 Dungeon Crawl Stone Soup version 0.19.4-8-ga85b6b9 (webtiles) character file.

4463 Lennu the Spear-Bearer (level 10, -6/76 HPs)
             Began as a Merfolk Skald on Feb 9, 2017.
             Was an Elder of Okawaru.
             Mangled by a six-headed hydra (8 damage)
             ... on level 9 of the Dungeon.
             The game lasted 00:34:29 (10699 turns).

Lennu the Spear-Bearer (Merfolk Skald)             Turns: 10699, Time: 00:34:30

Health: -6/76      AC:  9    Str: 15    XL:     10   Next: 37%
Magic:  13/16      EV: 15    Int: 15    God:    Okawaru [****..]
Gold:   155        SH:  6    Dex: 18    Spells: 3 memorised, 12 levels left

rFire  . . .     SeeInvis .     f - +0 trident (venom)
rCold  . . .     Gourm    .     s - +0 ring mail
rNeg   . . .     Faith    .     p - +0 buckler
rPois  +         Spirit   .     m - +1 helmet
rElec  .         Reflect  .     (no cloak)
rCorr  .         Harm     .     (no gloves)
MR     .....                    y - +0 pair of boots
Stlth  +.........               k - amulet "Vebopsop" {RegenMP Int+4}
                                a - +3 ring of strength
                                n - ring of poison resistance

@: infused
A: change form in water, swift swim, stealthy swim, slow regeneration 1,
MP-powered wands
a: Heroism, Renounce Religion


You were on level 9 of the Dungeon.
You worshipped Okawaru.
Okawaru was greatly pleased with you.
You were not hungry.

You visited 2 branches of the dungeon, and saw 10 of its levels.

You collected 290 gold pieces.
You spent 135 gold pieces at shops.

Inventory:

Hand Weapons
 f - a +0 trident of venom (weapon)
Armour
 m - a +1 helmet (worn)
 p - a +0 buckler (worn)
 s - a +0 ring mail (worn)
 y - a +0 pair of boots (worn)
Jewellery
 a - a +3 ring of strength (right hand)
 k - the amulet "Vebopsop" (around neck) {RegenMP Int+4}
   (You bought it in a shop on level 6 of the Dungeon)

   [amulet of magic regeneration]

   It increases your magic regeneration.
   It affects your intelligence (+4).
 n - a ring of poison resistance (left hand)
 G - an uncursed ring of flight
Wands
 g - a wand of disintegration (5/24)
 r - a wand of slowing (31/48)
 v - a wand of lightning (6/15)
 A - a wand of random effects (15/48)
 F - a wand of flame (13/48)
Scrolls
 e - 2 scrolls of amnesia
 j - 2 scrolls of remove curse
 o - 2 scrolls of teleportation
 u - a scroll of enchant armour
 w - a scroll of fog
 C - a scroll of summoning {unknown}
Potions
 h - a potion of cancellation {unknown}
 l - 2 potions of curing
 q - a potion of brilliance
 x - a potion of cure mutation
 z - a potion of ambrosia
 B - a potion of agility {unknown}
Books
 b - a book of Minor Magic

   Spells                             Type                      Level
   a - Magic Dart                     Conjuration                  1
   b - Blink                          Translocation                2
   c - Call Imp                       Summoning                    2
   d - Repel Missiles                 Charms/Air                   2
   e - Slow                           Hexes                        2
   f - Conjure Flame                  Conjuration/Fire             3
   g - Mephitic Cloud                 Conjuration/Poison/Air       3
 c - a book of Battle

   Spells                             Type                      Level
   a - Infusion                       Charms                       1
   b - Shroud of Golubria             Charms/Translocation         2
   c - Song of Slaying                Charms                       2
   d - Spectral Weapon                Hexes/Charms                 3
   e - Regeneration                   Charms/Necromancy            3
Comestibles
 d - 4 bread rations
 i - 2 meat rations
 t - 3 chunks of flesh
 D - 9 royal jellies
 E - 6 fruits


   Skills:
 * Level 6.0 Fighting
 * Level 10.7 Polearms
 * Level 4.6 Armour
 * Level 6.8 Dodging
 + Level 1.7 Stealth
 * Level 4.7 Shields
 + Level 4.1 Spellcasting
 * Level 5.9 Charms
 + Level 0.7 Translocations
 * Level 3.1 Invocations


You had 12 spell levels left.
You knew the following spells:

 Your Spells              Type           Power        Failure   Level  Hunger
a - Infusion              Chrm           ###.         3%          1    None
b - Repel Missiles        Chrm/Air       ##....       17%         2    ##.....
c - Shroud of Golubria    Chrm/Tloc      ##........   14%         2    ##.....


Dungeon Overview and Level Annotations

Branches:
Dungeon (9/15)             Temple (1/1) D:6
   Lair: D:8-11         Orc: D:9-12

Altars:
Ashenzari
Cheibriados
Dithmenos
Elyvilon
Fedhas
Gozag
Hepliaklqana
Kikubaaqudgha
Nemelex Xobeh
Okawaru
Trog
Uskayaw
Vehumet
Xom
Yredelemnul
Zin
The Shining One

Shops:
D:6 [*:*


Innate Abilities, Weirdness & Mutations

You revert to your normal form in water.
You are very nimble and swift while swimming.
You are very stealthy in the water. (Stealth+)
You regenerate slowly when monsters are visible.
You expend magic power (3 MP) to strengthen your wands.


Message History

You hit the six-headed hydra!
The six-headed hydra is severely wounded.
The six-headed hydra bites you!
Your shroud falls apart!
The six-headed hydra barely misses you.
You block the six-headed hydra's attack.
The six-headed hydra bites you.
You block the six-headed hydra's attack.
The six-headed hydra bites you!
* * * LOW HITPOINT WARNING * * *
Okay, then.
There is an open door here.
There is an open door here.
You open the door. The six-headed hydra bites you!
* * * LOW HITPOINT WARNING * * *
The six-headed hydra bites you!
* * * LOW HITPOINT WARNING * * *
The six-headed hydra closely misses you. x2
The six-headed hydra bites you!
You die...

#...# ######'## ## ###.#
#.....<.### #. ###'###
#.......'.### #. #.....####
#.......#...# #. +.....'..#
#.......###.# #. #.....##.#
#.......# #.###. #.....##.#
#......<# #...'.
#.....##.###.......# #####.
#.....##.D@'.......# #.
#.....######.......# #.
####.## #####..## ##
##....## ####..####### #
#......######...........# #
#...........#...........####
#..>...####.#...........#..+
#......# #.'...........#.##
#....>.# ###...........#.##


You could see a six-headed hydra.

Vanquished Creatures
  2 hornets
  3 hippogriffs (D:8)
  3 hungry ghosts
  Grum (D:8)
  A soldier ant (D:8)
  A water moccasin (D:5)
  A sky beast (D:7)
  An orc warrior (D:6)
  An ice beast (D:8)
  3 wolves (D:8)
  3 ogres
  3 phantoms
  A centaur (D:5)
  4 bullfrogs
  A scorpion (D:6)
  5 killer bees
  3 howler monkeys (D:9)
  3 crimson imps
  A bullfrog zombie (D:9)
  A quasit (D:8)
  2 centaur skeletons
  2 jellies
  7 orc wizards
  5 orc priests
  3 hounds
  An iguana (D:8)
  4 worker ants
  A hound skeleton (D:8)
  5 gnolls
  7 adders
  A shadow imp (D:7)
  2 oozes
  An adder zombie (D:4)
  2 worms
  A dart slug (D:4)
  3 leopard geckos
  18 orcs
  5 giant cockroaches (D:1)
  4 goblins
  5 hobgoblins
  4 jackals
  2 quokkas
  2 ball pythons
  7 bats
  8 frilled lizards
  8 kobolds
  6 rats
158 creatures vanquished.

Notes
Turn   | Place    | Note
-------+----------+-------------------------------------------
     0 | D:1      | Lennu the Merfolk Skald began the quest for the Orb.
     0 | D:1      | Reached XP level 1. HP: 16/16 MP: 3/3
   121 | D:1      | Reached XP level 2. HP: 23/23 MP: 5/5
   687 | D:1      | Reached XP level 3. HP: 28/28 MP: 6/6
  1582 | D:2      | Reached skill level 4 in Polearms
  1582 | D:2      | Reached XP level 4. HP: 32/34 MP: 7/7
  2018 | D:2      | Reached skill level 1 in Armour
  2018 | D:2      | Reached skill level 1 in Shields
  2486 | D:3      | Found a bloodstained altar of Trog.
  2647 | D:3      | Reached XP level 5. HP: 18/39 MP: 3/8
  4010 | D:3      | Reached skill level 5 in Polearms
  4296 | D:4      | Reached XP level 6. HP: 35/46 MP: 6/9
  4646 | D:4      | Reached skill level 6 in Polearms
  5319 | D:4      | Gained mutation: You are weak. (Str -2) [potion of mutation]
  5319 | D:4      | Gained mutation: You are resistant to hostile enchantments. (MR+) [potion of mutation]
  5319 | D:4      | Gained mutation: Your skin changes colour to match your surroundings (Stealth+). [potion of mutation]
  5323 | D:4      | Lost mutation: Your skin changes colour to match your surroundings (Stealth+). [potion of cure mutation]
  5323 | D:4      | Lost mutation: You are weak. (Str -2) [potion of cure mutation]
  5323 | D:4      | Lost mutation: You are resistant to hostile enchantments. (MR+) [potion of cure mutation]
  5349 | D:4      | Reached XP level 7. HP: 52/52 MP: 7/11
  5408 | D:5      | Entered Level 5 of the Dungeon
  5445 | D:5      | Found a blossoming altar of Fedhas.
  5824 | D:5      | Reached skill level 7 in Polearms
  6554 | D:5      | Reached XP level 8. HP: 60/60 MP: 8/12
  6650 | D:5      | You fall through a shaft for 2 floors!
  6733 | D:6      | Found Aczas's Assorted Antiques.
  6746 | D:6      | Found a staircase to the Ecumenical Temple.
  6747 | D:6      | Bought a bound platinum amulet for 135 gold pieces
  6747 | D:6      | Identified the amulet "Vebopsop" {RegenMP Int+4} (You bought it in a shop on level 6 of the Dungeon)
  6766 | Temple   | Entered the Ecumenical Temple
  6854 | Temple   | Became a worshipper of Warmaster Okawaru
  6903 | D:6      | Found Poseang's Book Shoppe.
  6908 | D:6      | Found an opulent altar of Gozag.
  7012 | D:6      | Found Biurasenet's Assorted Antiques.
  7043 | D:6      | Reached skill level 8 in Polearms
  7230 | D:6      | Found Ufuxkean's Armour Emporium.
  7601 | D:6      | Learned a level 2 spell: Repel Missiles
  7604 | D:6      | Learned a level 2 spell: Shroud of Golubria
  7759 | D:7      | Reached * piety under Okawaru
  7886 | D:7      | Reached skill level 5 in Dodging
  7886 | D:7      | Reached XP level 9. HP: 49/67 MP: 9/13
  8154 | D:7      | Reached skill level 9 in Polearms
  8329 | D:7      | Found a shadowy altar of Dithmenos.
  8514 | D:7      | Reached skill level 5 in Fighting
  8693 | D:8      | Reached ** piety under Okawaru
  8693 | D:8      | Reached skill level 1 in Stealth
  8807 | D:8      | Gained mutation: You expend magic power (3 MP) to strengthen your wands. [potion of mutation]
  8807 | D:8      | Gained mutation: You regenerate slowly when monsters are visible. [potion of mutation]
  8873 | D:8      | Reached skill level 1 in Invocations
  8887 | D:8      | Noticed Grum
  8907 | D:8      | Killed Grum
  9138 | D:8      | Reached skill level 5 in Charms
  9268 | D:8      | Reached skill level 10 in Polearms
  9387 | D:8      | Reached *** piety under Okawaru
  9683 | D:8      | Reached XP level 10. HP: 69/76 MP: 6/15
 10224 | D:9      | Found a glowing silver altar of Zin.
 10659 | D:9      | Reached **** piety under Okawaru
 10671 | D:9      | Noticed a six-headed hydra
 10699 | D:9      | HP: 2/76 [six-headed hydra (7)]
 10699 | D:9      | Mangled by a six-headed hydra

Skill      XL: |  1  2  3  4  5  6  7  8  9 10 |
---------------+-------------------------------+-----
Dodging        | 2 3 4 5 6 |  6.8
Polearms       | 4 5 6 7 8 10 | 10.7
Armour         | 1 2 3 4 |  4.6
Shields        | 1 2 3 4 |  4.7
Fighting       | 3 4 5 6 |  6.0
Charms         | 4 5 |  5.9
Spellcasting   | 3 4 |  4.1
Stealth        | 1 |  1.7
Invocations    | 2 3 |  3.1
Translocations | |  0.7

Action                   |  1- 3 |  4- 6 |  7- 9 | 10-12 || total
-------------------------+-------+-------+-------+-------++-------
Melee: Spear             |   130 |   236 |    74 |       ||   440
       Trident           |       |       |   297 |    89 ||   386
 Cast: Infusion          |       |    19 |    36 |     5 ||    60
       Shroud of Golubri |       |       |     9 |     9 ||    18
  Use: Scroll            |       |    11 |     4 |       ||    15
       Potion            |       |     7 |     1 |     1 ||     9
 Stab: Sleeping          |     6 |     1 |       |     2 ||     9
  Eat: Chunk             |     2 |    12 |    10 |     4 ||    28
       Meat ration       |       |       |     1 |       ||     1
       Beef jerky        |       |       |       |     2 ||     2
Armor: Leather armour    |    22 |    18 |       |       ||    40
       Ring mail         |       |    29 |    80 |    25 ||   134
Dodge: Dodged            |    41 |    81 |   133 |    40 ||   295
Block: Buckler           |     6 |    33 |    59 |    23 ||   121
